 Dungeon Crawl Stone Soup version 0.20.0-10-g0535bb4 (webtiles) character file.

130 MDvedh the Caller (level 5, -1/46 HPs)
             Began as a Hill Orc Summoner on June 6, 2017.
             Slain by a worm (9 damage)
             ... on level 3 of the Dungeon.
             The game lasted 00:05:37 (3867 turns).

MDvedh the Caller (Hill Orc Summoner)               Turns: 3867, Time: 00:05:38

Health: -1/46      AC:  5    Str: 12    XL:     5   Next: 14%
Magic:  7/7        EV: 12    Int: 15    God:
Gold:   188        SH:  0    Dex: 11    Spells: 6/7 levels left

rFire    . . .     SeeInvis .   s - +0 mace (protect)
rCold    . . .     Gourm    .   (no shield)
rNeg     . . .     Faith    .   a - +0 robe
rPois    .         Spirit   .   q - +0 helmet
rElec    .         Reflect  .   (no cloak)
rCorr    .         Harm     .   (no gloves)
MR       +....                  (no boots)
Stlth    ++........             (no amulet)
Regen    0.2/turn               e - ring of protection from magic
MPRegen  0.1/turn               h - +2 ring of protection

@: very slightly contaminated, invisible
A: no striking features
a: no special abilities


You were on level 3 of the Dungeon.
You were not hungry.

You visited 1 branch of the dungeon, and saw 3 of its levels.

You collected 188 gold pieces.

Inventory:

Hand Weapons
 s - a +0 mace of protection (weapon)
Missiles
 r - a throwing net (quivered)
Armour
 a - a +0 robe (worn)
 q - a +0 helmet (worn)
 v - a +0 chain mail
Jewellery
 e - a ring of protection from magic (left hand)
 h - a +2 ring of protection (right hand)
Scrolls
 i - a scroll of identify
 l - 3 scrolls of remove curse
 p - a scroll of teleportation
 t - 2 scrolls of random uselessness
 w - a scroll of enchant armour {unknown}
Potions
 f - a potion of resistance
 g - a potion of brilliance
 j - 3 potions of flight
 k - 2 potions of curing
 n - a potion of haste {unknown}
 u - a potion of berserk rage {unknown}
Books
 b - a book of Callings

   Spells                             Type                      Level
   a - Summon Small Mammal            Summoning                    1
   b - Call Imp                       Summoning                    2
   c - Call Canine Familiar           Summoning                    3
   d - Summon Guardian Golem          Hexes/Summoning              3
   e - Summon Lightning Spire         Summoning/Air                4
   f - Summon Ice Beast               Ice/Summoning                4
Comestibles
 d - a bread ration
 m - 4 fruits
 o - a royal jelly


   Skills:
 + Level 3.7 Fighting
 + Level 3.4 Armour
 - Level 1.5 Dodging
 - Level 1.5 Stealth
 - Level 1.5 Spellcasting
 - Level 4.0 Summonings


You had 6 spell levels left.
You knew the following spells:

 Your Spells              Type           Power        Failure   Level  Hunger
a - Summon Small Mammal   Summ           ##..         4%          1    ##.....


Dungeon Overview and Level Annotations

Branches:
Dungeon (3/15)

Altars:


Message History

The orc wizard looks satisfied for a moment.
The orc wizard casts a cantrip, but nothing happens.
The worm bites you but does no damage.
The orc wizard points at you and mumbles some strange words.
The puff of flame hits you!
* * * LOW HITPOINT WARNING * * *
The orc wizard begins to cast a cantrip, but forgets the words!
The orc wizard casts a spell.
The orc wizard flickers and vanishes!
Deactivating autopickup; reactivate with Ctrl-A.
You start resting.
There is a strange disturbance nearby!
You fade into invisibility!
Something hits you.
* * * LOW HITPOINT WARNING * * *
You are very lightly contaminated with residual magic.
You barely miss something. Something hits you.
* * * LOW HITPOINT WARNING * * *
The worm bites you!
You die...

.#..##..)<....## #.# #...# #.
#.....##..# #.# #...#
##..#####.# #.###...# #...#
#.# #.##....# #.{.#
#)###.#.....#
###..w#####..##.#.....#
#...#....##...รท...#...#
##.###.##w##....#..#...# #
#..# #.{@.##....#..#####
#.##.#########.....#..#
#..................#.##
#.##...########......#
#.....#.#### #####..######
#.#.###....######..).......#
...........................#
#.##.#########.###..........#
. #..#####.#######


You could see a worm.

Vanquished Creatures
  Terence (D:3)
  Robin (D:3)
  A gnoll (D:3)
  An adder (D:2)
  3 worms
  2 dart slugs (D:1)
  2 leopard geckos
  2 orcs (D:3)
  5 bats
  8 giant cockroaches
  13 goblins
  2 hobgoblins
  4 kobolds
  2 quokkas (D:2)
  5 frilled lizards
  3 rats
55 creatures vanquished.

Vanquished Creatures (collateral kills)
  A dart slug (D:1)
  A goblin (D:1)
2 creatures vanquished.

Grand Total: 57 creatures vanquished

Notes
Turn   | Place    | Note
-------+----------+-------------------------------------------
     0 | D:1      | MDvedh the Hill Orc Summoner began the quest for the Orb.
     0 | D:1      | Reached XP level 1. HP: 14/14 MP: 3/3
   158 | D:1      | Reached skill level 1 in Fighting
   158 | D:1      | Reached skill level 1 in Armour
   204 | D:1      | Reached XP level 2. HP: 17/23 MP: 4/4
  1280 | D:2      | Reached XP level 3. HP: 21/28 MP: 5/5
  2829 | D:3      | Reached XP level 4. HP: 37/37 MP: 6/6
  3065 | D:3      | Noticed Robin
  3093 | D:3      | Killed Robin
  3425 | D:3      | Noticed Terence
  3461 | D:3      | Killed Terence
  3461 | D:3      | Reached XP level 5. HP: 4/46 MP: 7/7
  3867 | D:3      | Slain by a worm

Skill      XL: |  1  2  3  4 |
---------------+-------------+-----
Fighting       | 1 2 3 |  3.7
Armour         | 1 2 3 |  3.4
Dodging        | |  1.5
Stealth        | |  1.5
Spellcasting   | |  1.5
Summonings     | |  4.0

Action                   |  1- 3 |  4- 6 || total
-------------------------+-------+-------++-------
Melee: Short sword       |    27 |       ||    27
       Unarmed           |    14 |       ||    14
       Mace              |   136 |   129 ||   265
Throw: Throwing net      |       |     2 ||     2
 Cast: Summon Small Mamm |    11 |       ||    11
  Use: Scroll            |       |     8 ||     8
       Potion            |       |     1 ||     1
 Stab: Sleeping          |     5 |     1 ||     6
  Eat: Chunk             |     2 |     2 ||     4
       Bread ration      |     1 |     1 ||     2
Armor: Robe              |    60 |    41 ||   101
Dodge: Dodged            |   124 |   101 ||   225
